 Dungeon Crawl Stone Soup version 0.30-a0-457-g4b7bca3bfa (webtiles) character file.

Game seed: 19744921389238699

940 Jackthecabe the Conjurer (level 7, -4/50 HPs)
             Began as a Demigod Conjurer on Dec 12, 2022.
             Killed from afar by a white imp (9 damage)
             ... with a puff of frost
             ... on level 6 of the Dungeon.
             The game lasted 00:11:15 (6773 turns).

Jackthecabe the Conjurer (Demigod Conjurer)         Turns: 6773, Time: 00:11:15

Health: -4/50      AC:  2    Str:  8    XL:     7   Next: 57%
Magic:  3/14       EV: 12    Int: 28    God:
Gold:   238        SH:  0    Dex: 12    Spells: 5/12 levels left

rFire   . . .      SeeInvis .    (no weapon)
rCold   . . .      Faith    .    (no shield)
rNeg    . . .      Spirit   .    a - +0 robe
rPois   .          Reflect  .    (no helmet)
rElec   .          Harm     .    (no cloak)
rCorr   .          Rampage  .    (no gloves)
Will    .....                    (no boots)
Stlth   ++........               (no amulet)
HPRegen 0.28/turn                (no ring)
MPRegen 0.14/turn                (no ring)

@: no status effects
A: high MP 1, forlorn, divine attributes
a: no special abilities


You were on level 6 of the Dungeon.
You visited 1 branch of the dungeon, and saw 6 of its levels.

You collected 238 gold pieces.


Innate Abilities, Weirdness & Mutations

You have an increased reservoir of magic. (+10% MP)
You shall have no god before yourself.
Your divine heritage dramatically boosts your attributes as you level up.


   Skills:
 - Level 1.7 Dodging
 - Level 1.7 Stealth
 - Level 3.0 Spellcasting
 + Level 6.0 Conjurations
 - Level 6.0 Hexes


You had 5 spell levels left.
You knew the following spells:

 Your Spells              Type           Power      Damage    Failure   Level
f - Fulminant Prism       Conj/Hex       19%        3d11      7%          4
m - Magic Dart            Conj           100%       1d8       1%          1
s - Searing Ray           Conj           76%        2d7       1%          2

Your spell library contained the following spells:

 Spells                   Type           Power      Damage    Failure   Level
 Dazzling Flash           Conj/Hex       76%        N/A       1%          3
 Ensorcelled Hibernation  Hex/Ice        42%        N/A       3%          2
 Apportation              Tloc           8%         N/A       9%          1
 Beastly Appendage        Tmut           8%         N/A       9%          1
 Necrotise                Necr           16%        1d4       9%          1
 Summon Small Mammal      Summ           16%        N/A       9%          1
 Passwall                 Tmut/Erth      3%         N/A       12%         2
 Wereblood                Tmut           4%         N/A       12%         2
 Gell's Gravitas          Tloc           4%         N/A       24%         3
 Spider Form              Tmut/Pois      4%         N/A       24%         3
 Swiftness                Air            4%         N/A       24%         3
 Teleport Other           Tloc           4%         N/A       24%         3
 Vampiric Draining        Necr           4%         2d6       24%         3
 Iskenderun's Mystic Bla  Conj/Tloc      21%        2d6       24%         4
 Agony                    Necr           4%         N/A       92%         5
 Dispersal                Tloc           2%         N/A       100%        6
 Chain Lightning          Conj/Air       10%        3d14      100%        9
 Fire Storm               Conj/Fire      10%        8d3       100%        9
 Shatter                  Erth           2%         3d6*      100%        9

Inventory:

Armour
 a - a +0 robe (worn)
 n - a +0 robe
Wands
 b - a wand of digging (4)
Scrolls
 c - 5 scrolls of enchant weapon {unknown}
 f - 3 scrolls of teleportation {unknown}
 h - a scroll of blinking {unknown}
 k - a scroll of poison {unknown}
 l - 3 scrolls of identify {unknown}
 m - 3 scrolls of noise {unknown}
 o - a scroll of acquirement {unknown}
Potions
 d - a potion of curing {unknown}
 e - 2 potions of degeneration {unknown}
 g - a potion of haste {unknown}
 i - 2 potions of resistance {unknown}
 j - 2 potions of ambrosia {unknown}
 p - a potion of attraction {unknown}
 q - a potion of cancellation {unknown}

Dungeon Overview and Level Annotations

Branches:
Dungeon (6/15)
 Temple: D:4-7

Annotations:
D:5 1 runed translucent door, Crazy Yiuf

######...##.####
...... #...).##.[..#
....#. #..#....)<..#
..... #...........#
#...#####..#.###.##.#
#....✱......# #.# .#
#..c5.......# ### #
#..........#####
##@..>##.<.....#
#...###.......# #...#
###.....# .....#
#.....### #######
#.......# #.#######
###


You could see a centaur, a white imp (ally target) and a friendly fulminant
prism.


Message History

The magic dart hits the centaur.
The centaur is lightly wounded.
The centaur wields a +0 shortbow.
The centaur shoots an arrow.
The arrow hits you.
The magic dart hits the centaur but does no damage.
The centaur is lightly wounded.
The centaur shoots an arrow.
The arrow hits you!
* * * LOW HITPOINT WARNING * * *
Casting: Magic Dart (safe; 1% risk of failure)
Confirm with . or Enter, or press ? or * to list all spells.
Aiming: Fulminant Prism (dangerous; 7% risk of failure)
Press: ? - help, Dir - move target, p - centaur You conjure a prism of explosive energy!
A fulminant prism comes into view.
The centaur shoots an arrow.
The arrow hits you.
* * * LOW HITPOINT WARNING * * *
The centaur shoots an arrow.
The arrow barely misses you.
The centaur shoots an arrow.
The arrow hits you.
* * * LOW HITPOINT WARNING * * *
The white imp gestures at you. The puff of frost hits you!
* * * LOW HITPOINT WARNING * * *
Your fulminant prism crackles loudly.
Sorry, you're not good enough to have a special ability.
Okay, then.
The centaur shoots an arrow.
The arrow hits you.
* * * LOW HITPOINT WARNING * * *
The white imp gestures at you. The puff of frost hits you!
You die...

Skill      XL: |  1  2  3  4  5  6  7 |
---------------+----------------------+-----
Spellcasting   | 2 3 |  3.0
Conjurations   | 4 5 6 |  6.0
Hexes          | 2 4 6 |  6.0
Dodging        | |  1.7
Stealth        | |  1.7

Action                   |  1- 3 |  4- 6 |  7- 9 || total
-------------------------+-------+-------+-------++-------
Melee: Unarmed           |       |    39 |       ||    39
       Punch             |       |     3 |       ||     3
 Cast: Magic Dart        |    81 |   147 |    43 ||   271
       Searing Ray       |     4 |    17 |     6 ||    27
       Fulminant Prism   |       |     3 |     1 ||     4
  Use: Potion            |       |     1 |       ||     1
Armor: Robe              |       |    12 |     1 ||    13
Dodge: Dodged            |     1 |    54 |     7 ||    62

Levels and vault maps discovered:
D:1:      dpeg_arrival_signposts, layout_basic
D:2:      layout_rooms, grunt_ministairs_4, minmay_cut_off
D:3:      layout_basic, elyvilon_altar_5,
          shapermc_ecumenical_altar_mp_urbaneastern
D:4:      layout_basic, mainiacjoe_overflow_concentric_impassable, zin_angel,
          general_overflow_altar, kennysheep_mini, mainiacjoe_overflow_two_lobes
D:5:      layout_basic, portal_sewer_entry_d, nicolae_hexahallways,
          uniq_duvessa, uniq_crazy_yiuf_cottage
D:6:      kennysheep_housing_project, layout_basic, minmay_temple_entry_hall

Notes
Turn   | Place    | Note
-------+----------+-------------------------------------------
     0 | D:1      | Jackthecabe the Demigod Conjurer began the quest for the
                  | Orb.
     0 | D:1      | Reached XP level 1. HP: 14/14 MP: 5/5
   128 | D:1      | Reached skill level 2 in Spellcasting
   621 | D:1      | Reached XP level 2. HP: 20/20 MP: 3/7
   785 | D:1      | Reached skill level 4 in Conjurations
  1238 | D:2      | Learned a level 2 spell: Searing Ray
  1306 | D:2      | Reached XP level 3. HP: 26/26 MP: 2/9
  2076 | D:2      | Reached XP level 4. HP: 33/33 MP: 6/11
  2085 | D:2      | Reached skill level 3 in Spellcasting
  2935 | D:3      | Reached skill level 5 in Conjurations
  3322 | D:4      | Reached XP level 5. HP: 38/38 MP: 8/12
  3357 | D:4      | Learned a level 4 spell: Fulminant Prism
  4095 | D:4      | Noticed an ice beast
  4104 | D:4      | Killed an ice beast
  4105 | D:4      | Reached skill level 1 in Hexes
  4159 | D:4      | Reached skill level 2 in Hexes
  4278 | D:4      | Reached XP level 6. HP: 45/45 MP: 3/13
  4416 | D:4      | Reached skill level 6 in Conjurations
  4479 | D:4      | Reached skill level 3 in Hexes
  4893 | D:5      | Entered Level 5 of the Dungeon
  4903 | D:5      | Found a runed translucent door.
  4904 | D:5      | Noticed Crazy Yiuf
  5537 | D:5      | Noticed Dowan
  5541 | D:5      | Noticed Duvessa
  5590 | D:5      | Killed Dowan
  5591 | D:5      | Reached skill level 4 in Hexes
  5596 | D:5      | Killed Duvessa
  5597 | D:5      | Reached XP level 7. HP: 16/50 MP: 7/14
  5842 | D:5      | Reached skill level 5 in Hexes
  6697 | D:6      | Reached skill level 6 in Hexes
  6773 | D:6      | HP: 5/50 [centaur/arrow (4)]
  6773 | D:6      | Killed from afar by a white imp

Vanquished Creatures
  Duvessa (D:5)
  A black bear (D:4)
  An ice beast (D:4)
  A necrophage (D:6)
  2 scorpions (D:5)
  Dowan (D:5)
  3 orc priests
  3 orc wizards
  13 adders
  2 ufetubi
  2 worms
  4 dart slugs
  23 orcs
  5 ball pythons
  3 bats
  8 endoplasms
  3 giant cockroaches
  7 goblins
  4 hobgoblins
  2 jackals (D:4)
  9 quokkas
  4 frilled lizards
  7 kobolds
  6 rats
115 creatures vanquished.

Vanquished Creatures (others)
  3 fulminant prisms (D:5)
3 creatures vanquished.

Grand Total: 118 creatures vanquished

Table legend: (Time is in decaauts)
 A = Elapsed time spent in this place.
 B = Non-inter-level travel time spent in this place.
 C = Inter-level travel time spent in this place.
 D = Time resting spent in this place.
 E = Time spent auto-exploring this place.
 F = Levels seen in this place.
 G = Mean time per level.
                   A        B        C        D        E       F      G
               +--------+--------+--------+--------+--------+-----+--------+
         Total |   6778 |   6644 |    134 |    728 |   4402 |   6 | 1129.7 |
       Dungeon |   6778 |   6644 |    134 |    728 |   4402 |   6 | 1129.7 |
               +--------+--------+--------+--------+--------+-----+--------+

Top non-repeatable levels by time:
     D:5: 1690 daAuts
     D:4: 1387 daAuts
     D:3: 1283 daAuts
     D:1: 1232 daAuts
     D:2: 1066 daAuts
     D:6: 117 daAuts

Table legend:
 A = Non-vault XP
 B = Vault XP
 C = Vault XP percentage of total XP
 D = Non-vault monster count
 E = Vault monster count
 F = Vault count percentage of total count
                 A         B        C        D         E       F
            +---------+---------+-------+---------+---------+-------
      Total |    1100 |     243 |  18.1 |     105 |      10 |   8.7
            +---------+---------+-------+---------+---------+-------
        D:1 |      30 |       0 |   0.0 |      15 |       0 |   0.0
        D:2 |      93 |      12 |  11.4 |      24 |       7 |  22.6
        D:3 |      68 |       0 |   0.0 |      17 |       0 |   0.0
        D:4 |     436 |       0 |   0.0 |      25 |       0 |   0.0
        D:5 |     367 |     231 |  38.6 |      21 |       3 |  12.5
        D:6 |     106 |       0 |   0.0 |       3 |       0 |   0.0
            +---------+---------+-------+---------+---------+-------
